 Dungeon Crawl Stone Soup version 0.21-a0-521-g1cd18d1 (console) character file.

39 nht the Cutter (level 3, -2/29 HPs)
             Began as a Demonspawn Berserker on Dec 5, 2017.
             Was a Follower of Trog.
             Slain by a gnoll (5 damage)
             ... on level 2 of the Dungeon.
             The game lasted 00:01:08 (768 turns).

nht the Cutter (Demonspawn Berserker)                Turns: 768, Time: 00:01:09

Health: -2/29      AC:  3    Str: 17    XL:     3   Next: 28%
Magic:  3/3        EV: 12    Int:  8    God:    Trog [*.....]
Gold:   64         SH:  0    Dex: 13    Spells: 2/2 levels left

rFire    + . .     SeeInvis .   a - +1 short sword
rCold    + . .     Gourm    .   (no shield)
rNeg     . . .     Faith    .   b - +1 animal skin
rPois    +         Spirit   .   (no helmet)
rElec    +         Reflect  .   (no cloak)
rCorr    +         Harm     .   (no gloves)
MR       ++...                  (no boots)
Stlth    +.........             (no amulet)
HPRegen  1.09/turn              (no ring)
MPRegen  0.08/turn              (no ring)

@: resistant, berserk cooldown, very slightly contaminated, regenerating,
slowed, invisible, very slow
A: spiny 1
a: Berserk, Burn Spellbooks, Renounce Religion


You were on level 2 of the Dungeon.
You worshipped Trog.
Trog was aware of your devotion.
You were hungry.

You visited 1 branch of the dungeon, and saw 2 of its levels.

You collected 64 gold pieces.

Inventory:

Hand Weapons
 a - a +1 short sword (weapon)
Armour
 b - a +1 animal skin (worn)
Potions
 e - 2 potions of mutation
Comestibles
 c - a bread ration
 f - a meat ration


   Skills:
 - Level 3.0 Fighting
 + Level 4.0 Short Blades
 - Level 1.7 Armour
 - Level 1.7 Dodging


You had 2 spell levels left.
You didn't know any spells.

Dungeon Overview and Level Annotations

Branches:
Dungeon (2/15)

Altars:


Innate Abilities, Weirdness & Mutations

You are partially covered in sharp spines.


Message History

The gnoll closely misses you. The gnoll hits you but does no damage.
Your skin crawls.
You feel resistant to hostile enchantments.
You are feeling hungry.
You can no longer call upon Trog for regeneration and protection from hostile enchantments.
The hobgoblin is struck by your spines. The hobgoblin hits you.
* * * LOW HITPOINT WARNING * * *
The gnoll hits you but does no damage. The gnoll closely misses you.
The hobgoblin is struck by your spines. The hobgoblin barely misses you.
The gnoll is struck by your spines. The gnoll misses you.
The gnoll is struck by your spines. The gnoll closely misses you.
A worm comes into view.
Unknown command.
You catch the helpless gnoll completely off-guard!
You puncture the gnoll!
You kill the gnoll!
Trog accepts your kill.
Your Short Blades skill increases to level 4!
The hobgoblin closely misses you. The gnoll hits you.
You die... ██ ██████

....█.. . .█.█..
█.█ ...<██..
w.█████.█...
......g)█.███████
█g@†<.......
█████.....██
.....█ .....█
.....█ .....█
.....█ ....██


You could see a worm (wandering), a gnoll and a hobgoblin.

Vanquished Creatures
  2 gnolls (D:2)
  A ball python (D:1)
  A giant cockroach (D:1)
  A goblin (D:1)
  3 hobgoblins
  4 jackals (D:2)
  A bat (D:1)
  2 frilled lizards
  3 kobolds (D:1)
  4 rats (D:1)
22 creatures vanquished.

Notes
Turn   | Place    | Note
-------+----------+-------------------------------------------
     0 | D:1      | nht the Demonspawn Berserker began the quest for the Orb.
     0 | D:1      | Reached XP level 1. HP: 18/18 MP: 1/1
   161 | D:1      | Reached skill level 3 in Short Blades
   442 | D:1      | Gained mutation: You are partially covered in sharp spines. [demonic ancestry]
   442 | D:1      | Reached XP level 2. HP: 23/24 MP: 2/2
   761 | D:2      | Reached XP level 3. HP: 5/29 MP: 3/3
   766 | D:2      | Reached ** piety under Trog
   768 | D:2      | Reached skill level 4 in Short Blades
   768 | D:2      | Slain by a gnoll

Vault maps used:
D:1:      onia_arrival_larder, serial_park_tiny_2
D:2:      hex_large, minmay_crystal_room, uniq_terence, uniq_sigmund

Skill      XL: |  1  2  3 |
---------------+----------+-----
Short Blades   | 3 4 |  4.0
Fighting       | |  3.0
Armour         | |  1.7
Dodging        | |  1.7

Action                   || total
-------------------------++-------
Melee: Short sword       ||    46
Invok: Berserk           ||     1
       Trog's Hand       ||     1
  Use: Scroll            ||     3
       Potion            ||     3
 Stab: Invisible         ||     1
Armor: Animal skin       ||    18
Dodge: Dodged            ||    55

Table legend:
 A = Spawn XP
 B = Non-spawn XP
 C = Spawn XP percentage of total XP
 D = Spawn monster count
 E = Non-spawn monster count
 F = Spawn count percentage of total count
 G = Total turns spent on level
                    A         B        C        D         E        F      G
               +---------+---------+-------+---------+---------+-------+---------
         Total |       0 |      57 |   0.0 |       0 |      22 |   0.0 |   768
               +---------+---------+-------+---------+---------+-------+---------
           D:1 |       0 |      17 |   0.0 |       0 |      13 |   0.0 |   744
           D:2 |       0 |      40 |   0.0 |       0 |       9 |   0.0 |    24
               +---------+---------+-------+---------+---------+-------+---------
